 Dungeon Crawl Stone Soup version 0.29.1-1-gd02db6906a (webtiles) character file.

Game seed: 14783435814623098842

59 Hubris850 the Digger (level 3, -10/29 HPs)
             Began as a Draconian Earth Elementalist on Sept 15, 2022.
             Mangled by a gnoll
             ... wielding a +0 halberd
              (14 damage)
             ... on level 3 of the Dungeon.
             The game lasted 00:04:43 (1829 turns).

Hubris850 the Digger (Draconian Earth Elementalist) Turns: 1829, Time: 00:04:43

Health: -10/29     AC:  5    Str: 10    XL:     3   Next: 78%
Magic:  1/6        EV: 12    Int: 17    God:
Gold:   135        SH:  0    Dex: 11    Spells: 5/6 levels left

rFire   . . .      SeeInvis .   i - staff of earth
rCold   . . .      Faith    .   (no shield)
rNeg    + . .      Spirit   .   (body armour unavailable)
rPois   .          Reflect  .   (helmet restricted)
rElec   .          Harm     .   (no cloak)
rCorr   .          Rampage  .   (no gloves)
Will    .....                   (no boots)
Stlth   ++........              (no amulet)
HPRegen 0.09/turn               e - ring of wizardry
MPRegen 0.10/turn               p - ring of positive energy

@: no status effects
A: AC +5, unfitting armour, cold-blooded
a: no special abilities


You were on level 3 of the Dungeon.
You visited 1 branch of the dungeon, and saw 3 of its levels.

You collected 135 gold pieces.

Inventory:

Hand Weapons
 c - a +0 club
 g - a +0 short sword
Missiles
 h - 5 boomerangs
Magical Staves
 i - a staff of earth (weapon)
 q - a staff of death
Jewellery
 e - a ring of wizardry (left hand)
 p - a ring of positive energy (right hand)
Scrolls
 b - 3 scrolls of magic mapping {unknown}
 d - 2 scrolls of fear {unknown}
 k - a scroll of poison {unknown}
 l - a scroll of identify {unknown}
Potions
 a - a potion of magic
 f - a potion of brilliance {unknown}
 j - a potion of might {unknown}
 m - a potion of cancellation {unknown}
 n - 2 potions of flight {unknown}
 o - 2 potions of berserk rage {unknown}
 r - a potion of curing {unknown}


   Skills:
 + Level 1.9 Fighting
 + Level 0.9 Staves
 + Level 2.4 Dodging
 + Level 2.6 Stealth
 - Level 2.0 Spellcasting
 - Level 1.0 Transmutations
 - Level 3.0 Earth Magic


You had 5 spell levels left.
You knew the following spells:

 Your Spells              Type           Power      Damage    Failure   Level
a - Sandblast             Erth           34%        2d9       2%          1

Your spell library contained the following spells:

 Spells                   Type           Power      Damage    Failure   Level
 Passwall                 Tmut/Erth      10%        N/A       5%          2
 Stone Arrow              Conj/Erth      20%        3d8       12%         3
 Ignite Poison            Fire/Tmut/Pois 2%         N/A       21%         3
 Conjure Flame            Conj/Fire      1%         6-21      22%         3
 Petrify                  Tmut/Erth      12%        N/A       32%         4
 Sticky Flame             Conj/Fire      1%         2d3       56%         4


Dungeon Overview and Level Annotations

Branches:
Dungeon (3/15)

Altars:

Shops:
D:1 [


Innate Abilities, Weirdness & Mutations

Your plain brown scales are hard. (AC +5)
You cannot fit into any form of body armour.
You are cold-blooded and may be slowed by cold attacks.


Message History

The gnoll shouts!
You feel a surge of power!
The blast of sand hits the frilled lizard!
You kill the frilled lizard!
You feel a surge of power!
The blast of sand hits the gnoll.
The gnoll is heavily wounded.
The gnoll closely misses you.
You feel a surge of power!
The blast of sand hits the gnoll!
You kill the gnoll!
You start resting.
A gnoll comes into view. It is wielding a +0 halberd.
The gnoll shouts!
You feel a surge of power!
The blast of sand hits the gnoll.
The gnoll is moderately wounded.
You feel a surge of power!
You miscast Sandblast.
You are very lightly contaminated with residual magic.
Nothing appears to happen.
You feel a surge of power!
The blast of sand hits the gnoll.
The gnoll is severely wounded.
The gnoll hits you from afar with a +0 halberd!
A gnoll comes into view. It is wielding a +0 flail.
The gnoll misses you.
A gnoll comes into view. It is wielding a +0 halberd.
Found a stone staircase leading down.
There is a stone staircase leading down here.
Your magical contamination has completely faded away.
The gnoll misses you.
There is a stone staircase leading down here.
The gnoll hits you with a +0 halberd.
You climb downwards.
Found a scroll labelled FAHEIKLYNOE.
There is a stone staircase leading up here.
You barely miss the gnoll.
The gnoll is severely wounded.
The gnoll hits you with a +0 halberd!
* * * LOW HITPOINT WARNING * * *
You hit the gnoll but do no damage.
Your tail-slap misses the gnoll.
The gnoll is severely wounded.
The gnoll hits you with a +0 halberd!
You die...

## .. .# ##.##
. ##...##
....##.....####
.......@g......
.........?...##
...##.......##
. ##......#
##...#.#
##.##.# ## #


You could see a gnoll.

Vanquished Creatures
  2 gnolls
  A dart slug (D:2)
  2 ball pythons
  7 bats
  7 endoplasms
  3 goblins
  5 hobgoblins
  3 frilled lizards
  3 kobolds
  2 rats
35 creatures vanquished.

Notes
Turn   | Place    | Note
-------+----------+-------------------------------------------
     0 | D:1      | Hubris850 the Draconian Earth Elementalist began the quest
                  | for the Orb.
     0 | D:1      | Reached XP level 1. HP: 14/14 MP: 3/3
   292 | D:1      | Reached skill level 1 in Fighting
   292 | D:1      | Reached XP level 2. HP: 23/23 MP: 1/5
   493 | D:1      | Found Liczats's Armour Boutique.
   925 | D:1      | Found a faded altar of an unknown god.
  1184 | D:2      | Reached XP level 3. HP: 28/28 MP: 3/6
  1829 | D:3      | Mangled by a gnoll

Illustrated notes

Levels and vault maps discovered:
D:1:      minmay_arrival_plants_in_alcoves, layout_basic,
          shapermc_ecumenical_altar_mp_vishouse, serial_shops, shop
D:2:      layout_loops_ring
D:3:      layout_loops_corners, dk_noncrumbling_4, uniq_crazy_yiuf_cottage

Skill      XL: |  1 |
---------------+----+-----
Stealth        | 2 |  2.6
Dodging        | 2 |  2.4
Fighting       | 1 |  1.9
Staves         | |  0.9
Spellcasting   | |  2.0
Transmutations | |  1.0
Earth Magic    | |  3.0

Action                   || total
-------------------------++-------
Melee: Short sword       ||     5
       Staff             ||     5
Throw: Boomerang         ||     1
 Cast: Sandblast         ||    52
Armor: Skin              ||     7
Dodge: Dodged            ||    17
